[Event "DVM U14 2021"]
[Site "Willingen"]
[Date "2022.08.16"]
[Round "7"]
[White "Tietz, Bennit"]
[Black "Braeutigam, Alexander"]
[Result "0-1"]
[ECO "B55"]
[WhiteElo "1684"]
[BlackElo "1771"]
[Annotator "NA RC"]
[PlyCount "120"]
[EventDate "2022.08.12"]
[EventType "team-tourn"]
[EventRounds "7"]
[EventCountry "GER"]
[SourceTitle "playchess.com"]
[Source "ChessBase"]
[SourceQuality "1"]
[TimeControl "40/5400+30:1800+30"]

1. e4 c5 2. Nf3 d6 3. d4 cxd4 4. Nxd4 Nf6 5. f3 e5 6. Bb5+ Bd7 7. Bxd7+ Qxd7 8. Nf5 d5 9. Bg5 dxe4 10. Bxf6 Qxd1+ 11. Kxd1 gxf6 12. fxe4 Nc6 13. Nc3 O-O-O+ 14. Nd5 Ne7 15. Nfxe7+ Bxe7 16. Ke2 Rd7 17. Rhf1 Rg8 18. g3 Rg6 19. Rf5 Bd8 20. Raf1 Rd6 21. a4 Kd7 22. R1f3 Ke6 23. h4 Rc6 24. c3 Rc4 25. Kd3 Rxa4 26. b4 Ra1 27. Ne3 b6 28. Rh5 h6 29. Nf5 a5 30. Rxh6 Rxh6 31. Nxh6 axb4 32. cxb4 Be7 33. Kc4 Re1 34. Kb5 Rxe4 35. Kxb6 Rxb4+ 36. Kc6 Rc4+ 37. Kb5 Rc5+ 38. Kb6 e4 39. Rf4 f5 40. Ng8 Re5 41. Nxe7 Kxe7 42. Kc6 e3 43. Rf1 e2 44. Re1 Kf8 45. Kd6 f6 46. Kd7 Kg7 47. Kd6 Kh6 48. Kd7 Kh5 49. Kd6 Kg4 50. Kd7 Re4 51. Kd8 Kxg3 52. h5 Kf2 53. Rh1 e1=Q 54. Rh2+ Kg3 55. Ra2 Qd1+ 56. Kc7 Rc4+ 57. Kb6 Qb3+ 58. Ka5 Qxa2+ 59. Kb5 Qb3+ 60. Ka5 Ra4# 0-1

[Event "DVM U14 2021"]
[Site "Willingen"]
[Date "2022.08.16"]
[Round "7"]
[White "Vollbehr, Bjarne"]
[Black "Borgert, Alexander"]
[Result "1-0"]
[ECO "E11"]
[WhiteElo "1654"]
[BlackElo "1477"]
[Annotator "NA RC"]
[PlyCount "119"]
[EventDate "2022.08.12"]
[EventType "team-tourn"]
[EventRounds "7"]
[EventCountry "GER"]
[SourceTitle "playchess.com"]
[Source "ChessBase"]
[SourceQuality "1"]
[TimeControl "40/5400+30:1800+30"]

1. d4 d5 2. c4 e6 3. Nf3 Nf6 4. g3 Bb4+ 5. Bd2 Be7 6. Bg2 b6 7. O-O Bb7 8. Qc2 Nbd7 9. cxd5 Bxd5 10. Nc3 Bb7 11. Bf4 c6 12. Rfd1 Nd5 13. e4 Nxf4 14. gxf4 Nf6 15. f5 exf5 16. e5 Nd5 17. Nxd5 cxd5 18. Qxf5 Qd7 19. Qf4 O-O 20. Kh1 Kh8 21. Rg1 Qe6 22. Bf1 Bc8 23. Bd3 Bd7 24. Ng5 Bxg5 25. Rxg5 g6 26. Rag1 Rg8 27. R5g4 Qe7 28. R4g3 Raf8 29. Rf3 g5 30. Qf6+ Qxf6 31. Rxf6 Be6 32. Rh6 Rg7 33. Rc1 f6 34. Rc6 Bg8 35. Rhxf6 Rxf6 36. Rxf6 Rf7 37. Rxf7 Bxf7 38. Bf5 Kg7 39. Kg2 h6 40. h4 Bh5 41. Be6 gxh4 42. Bxd5 Bg4 43. Bf3 h3+ 44. Kg3 Bf5 45. Bh5 Be6 46. a3 Kf8 47. Bg6 Kg7 48. Be4 h5 49. f4 h4+ 50. Kxh4 h2 51. Kg3 h1=N+ 52. Bxh1 Bf5 53. d5 Kf7 54. Bf3 Ke7 55. Kh4 Bd7 56. Kg5 Be8 57. d6+ Ke6 58. Bg4+ Kf7 59. Bh5+ Kf8 60. Bxe8 1-0

[Event "DVM U14 2021"]
[Site "Willingen"]
[Date "2022.08.16"]
[Round "7"]
[White "Aravindan, Midhulan"]
[Black "Apel, Linus"]
[Result "1/2-1/2"]
[ECO "C44"]
[WhiteElo "1642"]
[BlackElo "1488"]
[Annotator "NA RC"]
[PlyCount "80"]
[EventDate "2022.08.12"]
[EventType "team-tourn"]
[EventRounds "7"]
[EventCountry "GER"]
[SourceTitle "playchess.com"]
[Source "ChessBase"]
[SourceQuality "1"]
[TimeControl "40/5400+30:1800+30"]

1. e4 e5 2. Nf3 Nc6 3. d4 exd4 4. Bc4 Nge7 5. Bg5 d6 6. Nxd4 h6 7. Nxc6 bxc6 8. Qh5 d5 9. Bb3 g6 10. Qh4 Bg7 11. Bf6 g5 12. Bxg7 gxh4 13. Bxh8 Ng6 14. Bc3 Qg5 15. Nd2 Nf4 16. O-O-O Be6 17. Kb1 O-O-O 18. g3 hxg3 19. Nf3 Qh5 20. hxg3 Qxf3 21. gxf4 Qxe4 22. Rxh6 Qxf4 23. Rf6 Qg5 24. f4 Qh5 25. Rc1 Kb7 26. Bd4 Rg8 27. a3 Qh4 28. Be5 Qh3 29. Ba4 Rg6 30. Rxg6 fxg6 31. c3 g5 32. Bc2 Qe3 33. Bd4 Qxf4 34. Re1 Bh3 35. Re7 Qd6 36. Rg7 g4 37. Rg6 Qf8 38. Ka2 Qf7 39. Rg7 Qe6 40. Rg6 Qf7 1/2-1/2

[Event "DVM U14 2021"]
[Site "Willingen"]
[Date "2022.08.16"]
[Round "7"]
[White "Bezsonna, Polina"]
[Black "Nitsche, Nikolai"]
[Result "0-1"]
[ECO "B07"]
[WhiteElo "1631"]
[BlackElo "1764"]
[Annotator "NA RC"]
[PlyCount "90"]
[EventDate "2022.08.12"]
[EventType "team-tourn"]
[EventRounds "7"]
[EventCountry "GER"]
[SourceTitle "playchess.com"]
[Source "ChessBase"]
[SourceQuality "1"]
[TimeControl "40/5400+30:1800+30"]

1. e4 g6 2. d4 Bg7 3. Nf3 d6 4. Bd3 Nf6 5. O-O O-O 6. c3 Nc6 7. Re1 e5 8. d5 Ne7 9. Bc2 Nh5 10. h3 f5 11. exf5 Nxf5 12. Bxf5 Bxf5 13. Bg5 Qd7 14. Qe2 h6 15. Be3 Be4 16. Nbd2 Bxd5 17. c4 Bxf3 18. Nxf3 Nf4 19. Bxf4 Rxf4 20. Qd3 Qf7 21. Re4 Rf6 22. Rd1 b6 23. b4 a5 24. b5 Rf8 25. Qd5 Kh7 26. Qxf7 R8xf7 27. Kf1 g5 28. Rde1 Kg6 29. R1e2 h5 30. Ke1 Bh6 31. Nd2 Rf4 32. Nb1 g4 33. hxg4 hxg4 34. Nc3 Kf5 35. Rxf4+ Bxf4 36. Nd5 Bg5 37. Kd1 e4 38. Kc2 Bh6 39. Re1 Bg7 40. Rh1 Ke5 41. Rf1 g3 42. f3 exf3 43. gxf3 Kd4 44. Kd2 Bh6+ 45. Nf4 Ke5 0-1

[Event "DVM U14 2021"]
[Site "Willingen"]
[Date "2022.08.16"]
[Round "7"]
[White "Pichl, Christoph"]
[Black "Spranger, Tobias"]
[Result "1/2-1/2"]
[ECO "D02"]
[WhiteElo "1617"]
[BlackElo "1522"]
[Annotator "NA RC"]
[PlyCount "152"]
[EventDate "2022.08.12"]
[EventType "team-tourn"]
[EventRounds "7"]
[EventCountry "GER"]
[SourceTitle "playchess.com"]
[Source "ChessBase"]
[SourceQuality "1"]
[TimeControl "40/5400+30:1800+30"]

1. d4 d5 2. Bf4 e6 3. e3 c5 4. c3 Nc6 5. Nd2 Nf6 6. Ngf3 Be7 7. Bd3 O-O 8. O-O a5 9. h3 c4 10. Bc2 b5 11. e4 dxe4 12. Nxe4 Nd5 13. Bh2 f5 14. Ned2 Nf6 15. Re1 Re8 16. Ne5 Nxe5 17. Bxe5 Bd6 18. Nf3 Bxe5 19. Nxe5 Bb7 20. Qd2 Nd5 21. Bd1 Rc8 22. Bh5 Rf8 23. Re2 Qh4 24. Bf3 Ba8 25. Bxd5 Bxd5 26. Nd7 Rfe8 27. Nb6 Rcd8 28. Nxd5 Rxd5 29. Rae1 Kf7 30. Re5 Re7 31. Qe3 Qf6 32. Qf3 Rxe5 33. Rxe5 Qg5 34. Rxb5 Qc1+ 35. Kh2 g6 36. d5 Qd2 37. Qe3 Qxe3 38. fxe3 exd5 39. Rxd5 Rb7 40. Rxa5 Rxb2 41. Ra4 Rc2 42. Rxc4 Rxa2 43. Rc7+ Kf6 44. Rxh7 Re2 45. Rc7 Rxe3 46. c4 Rc3 47. c5 Ke6 48. Rc6+ Kf7 49. Rc8 Ke7 50. c6 Kd6 51. Rg8 Kxc6 52. Rxg6+ Kd7 53. Rf6 Rc5 54. Kg3 Ke7 55. Ra6 Kf7 56. Kf4 Rc2 57. g3 Rf2+ 58. Kg5 Rf3 59. Rf6+ Ke7 60. Rxf5 Rxg3+ 61. Kh4 Ra3 62. Kg4 Ke6 63. Rf1 Ra4+ 64. Kg5 Ra2 65. h4 Ra5+ 66. Kg6 Ra4 67. h5 Rg4+ 68. Kh7 Ke7 69. h6 Rg3 70. Kh8 Rg2 71. h7 Rg3 72. Ra1 Kf7 73. Ra8 Rg4 74. Rg8 Rh4 75. Rg3 Rf4 76. Rg7+ Kf8 1/2-1/2

[Event "DVM U14 2021"]
[Site "Willingen"]
[Date "2022.08.16"]
[Round "7"]
[White "Beyer, Lorenz"]
[Black "Bungarten, Jona"]
[Result "1/2-1/2"]
[ECO "D02"]
[WhiteElo "1587"]
[BlackElo "1834"]
[Annotator "NA RC"]
[PlyCount "58"]
[EventDate "2022.08.12"]
[EventType "team-tourn"]
[EventRounds "7"]
[EventCountry "GER"]
[SourceTitle "playchess.com"]
[Source "ChessBase"]
[SourceQuality "1"]
[TimeControl "40/5400+30:1800+30"]

1. d4 d5 2. Bf4 Nf6 3. e3 c5 4. c3 Nc6 5. Nf3 Qb6 6. Qc2 Nh5 7. Bg3 Nxg3 8. hxg3 g6 9. Nbd2 cxd4 10. exd4 Bg7 11. Bd3 Bg4 12. O-O O-O 13. Rfe1 Rfe8 14. Nh2 Bd7 15. Qb3 Qxb3 16. Nxb3 b6 17. Rad1 Rad8 18. Nf3 f6 19. Bb5 $11 Kf7 20. Nc1 Na5 21. Bxd7 Rxd7 22. Nd3 Nc6 23. Nf4 e6 24. g4 h6 25. Kf1 Bf8 26. Re2 Bd6 27. g3 Bc7 28. Rde1 Rde7 29. Rd1 Rd7 1/2-1/2

[Event "DVM U14 2021"]
[Site "Willingen"]
[Date "2022.08.16"]
[Round "7"]
[White "Kiefhaber, Tobias"]
[Black "Fock, Madiha"]
[Result "1/2-1/2"]
[ECO "D35"]
[WhiteElo "1581"]
[BlackElo "1472"]
[Annotator "NA RC"]
[PlyCount "81"]
[EventDate "2022.08.12"]
[EventType "team-tourn"]
[EventRounds "7"]
[EventCountry "GER"]
[SourceTitle "playchess.com"]
[Source "ChessBase"]
[SourceQuality "1"]
[TimeControl "40/5400+30:1800+30"]

1. d4 d5 2. Nf3 Nf6 3. c4 e6 4. Nc3 Nbd7 5. Bg5 c6 6. cxd5 exd5 7. e3 Be7 8. Bd3 O-O 9. O-O Re8 10. Rc1 Nf8 11. Qc2 Ne4 12. Bxe7 Qxe7 13. Ne5 f6 14. Nxe4 fxe5 15. Ng3 e4 16. Be2 Qg5 17. b4 Re6 18. Qd2 Rh6 19. f4 Qh4 20. Kf2 Rg6 21. Rh1 Nd7 22. Rcg1 Nf6 23. Ke1 Bg4 24. Kd1 Bxe2+ 25. Qxe2 Ng4 26. Kc2 Qe7 27. f5 Nxe3+ 28. Qxe3 Rh6 29. Rb1 a5 30. b5 Rc8 31. Kd2 c5 32. dxc5 Rxc5 33. Rhc1 Rxc1 34. Rxc1 Rxh2 35. Qe2 Qg5+ 36. Qe3 Rxg2+ 37. Ne2 Qxf5 38. Rc7 Qe5 39. Rxb7 Qb2+ 40. Kd1 Qb1+ 41. Nc1 1/2-1/2

[Event "DVM U14 2021"]
[Site "Willingen"]
[Date "2022.08.16"]
[Round "7"]
[White "Sökler, Jakob"]
[Black "Dickel, Karl-Joachim"]
[Result "1-0"]
[ECO "D02"]
[WhiteElo "1571"]
[BlackElo "1178"]
[Annotator "NA RC"]
[PlyCount "137"]
[EventDate "2022.08.12"]
[EventType "team-tourn"]
[EventRounds "7"]
[EventCountry "GER"]
[SourceTitle "playchess.com"]
[Source "ChessBase"]
[SourceQuality "1"]
[TimeControl "40/5400+30:1800+30"]

1. Nf3 d5 2. e3 Nc6 3. d4 Bg4 4. Bb5 a6 5. Bxc6+ bxc6 6. O-O e6 7. c4 c5 8. Qa4+ Qd7 9. Qxd7+ Kxd7 10. Ne5+ Ke8 11. Nxg4 f6 12. h3 h5 13. Nh2 Rb8 14. b3 cxd4 15. exd4 c5 16. cxd5 exd5 17. Re1+ Kf7 18. Nf3 g5 19. Nc3 Rd8 20. Bb2 g4 21. hxg4 hxg4 22. Nh2 f5 23. Na4 Rc8 24. Nxc5 Rc6 25. Bc1 Bxc5 26. dxc5 Rxc5 27. Bb2 Nf6 28. Rac1 Rhc8 29. Rxc5 Rxc5 30. Rc1 Rxc1+ 31. Bxc1 Ke6 32. Nf1 Ne4 33. Bb2 Kd6 34. Ne3 Ke6 35. f3 gxf3 36. gxf3 Nd2 37. Kf2 Nf1 38. Kxf1 d4 39. Bxd4 a5 40. Nc4 a4 41. bxa4 f4 42. a5 Kd7 43. a6 Ke6 44. a7 Kd7 45. a8=B Ke6 46. Be4 Kd7 47. Bd5 Ke7 48. Be5 Kd7 49. Ke2 Ke7 50. Kd3 Kd7 51. Ke4 Ke7 52. Kf5 Kd7 53. Kf6 Kd8 54. Ke6 Ke8 55. a3 Kd8 56. Bc6 Kc8 57. Kd6 Kd8 58. Bf6+ Kc8 59. Na5 Kb8 60. Bd4 Kc8 61. Bb6 Kb8 62. Bd5 Kc8 63. Kc6 Kb8 64. Nc4 Kc8 65. Nd6+ Kb8 66. Be4 Ka8 67. Bd5 Kb8 68. Bc7+ Ka8 69. Kb6# 1-0

[Event "DVM U14 2021"]
[Site "Willingen"]
[Date "2022.08.16"]
[Round "7"]
[White "Kommessin, Felix"]
[Black "Menne, Lukas"]
[Result "1-0"]
[ECO "B01"]
[WhiteElo "1536"]
[BlackElo "1190"]
[Annotator "NA RC"]
[PlyCount "77"]
[EventDate "2022.08.12"]
[EventType "team-tourn"]
[EventRounds "7"]
[EventCountry "GER"]
[SourceTitle "playchess.com"]
[Source "ChessBase"]
[SourceQuality "1"]
[TimeControl "40/5400+30:1800+30"]

1. e4 d5 2. exd5 Qxd5 3. Nc3 Qa5 4. Nf3 c6 5. Be2 Nf6 6. O-O Bf5 7. b4 Qc7 8. b5 e6 9. a4 c5 10. d3 Bd6 11. h3 Nbd7 12. Be3 O-O 13. Qd2 Ne5 14. a5 Nxf3+ 15. Bxf3 Rab8 16. Rfe1 Rfd8 17. b6 axb6 18. Nb5 Qd7 19. Nxd6 Qxd6 20. Bf4 Qf8 21. Bxb8 Rxb8 22. axb6 Nd7 23. Reb1 Ne5 24. Qf4 f6 25. Be4 g5 26. Qe3 Bxe4 27. Qxe4 Qg7 28. Qe1 g4 29. hxg4 Qxg4 30. Qe4 Nf3+ 31. Qxf3 Qxf3 32. gxf3 Kg7 33. Ra7 h5 34. Rba1 c4 35. dxc4 Rd8 36. Rxb7+ Kg6 37. Rc7 h4 38. b7 h3 39. Rc8 1-0

[Event "DVM U14 2021"]
[Site "Willingen"]
[Date "2022.08.16"]
[Round "7"]
[White "Strauss, Florian"]
[Black "Le, Dinh An"]
[Result "1/2-1/2"]
[ECO "C41"]
[WhiteElo "1527"]
[BlackElo "1470"]
[Annotator "NA RC"]
[PlyCount "57"]
[EventDate "2022.08.12"]
[EventType "team-tourn"]
[EventRounds "7"]
[EventCountry "GER"]
[SourceTitle "playchess.com"]
[Source "ChessBase"]
[SourceQuality "1"]
[TimeControl "40/5400+30:1800+30"]

1. e4 d6 2. d4 Nf6 3. Nc3 Nbd7 4. Bc4 e5 5. Nf3 h6 6. dxe5 dxe5 7. h3 c6 8. a4 a5 9. Be3 Qc7 10. Qd3 Nc5 11. Bxc5 Bxc5 12. Ke2 O-O 13. Qd2 Rd8 14. Qc1 Bb4 15. g4 Bxc3 16. bxc3 Nxe4 17. Qe3 Nd6 18. Bb3 Re8 19. g5 Nf5 20. Qc1 e4 21. Nd4 Nxd4+ 22. cxd4 e3 23. gxh6 Qf4 24. fxe3 Qxh6 25. Rf1 Be6 26. Bxe6 Rxe6 27. Rf3 Rae8 28. Ra3 Qg5 29. Qf1 1/2-1/2

[Event "DVM U14 2021"]
[Site "Willingen"]
[Date "2022.08.16"]
[Round "7"]
[White "Vecera, Fabio"]
[Black "Lipinsky, Pierre"]
[Result "1/2-1/2"]
[ECO "A09"]
[WhiteElo "1527"]
[BlackElo "1560"]
[Annotator "NA RC"]
[PlyCount "109"]
[EventDate "2022.08.12"]
[EventType "team-tourn"]
[EventRounds "7"]
[EventCountry "GER"]
[SourceTitle "playchess.com"]
[Source "ChessBase"]
[SourceQuality "1"]
[TimeControl "40/5400+30:1800+30"]

1. Nf3 d5 2. c4 d4 3. b4 f6 4. Qb3 e5 5. e3 dxe3 6. dxe3 Be6 7. Nc3 Be7 8. Be2 Nh6 9. O-O O-O 10. Rd1 Qe8 11. Nd5 Bxd5 12. cxd5 Bd6 13. e4 Nf7 14. Be3 Qe7 15. a3 Nd7 16. Rdc1 Rfb8 17. h3 Kh8 18. Rc2 a5 19. Rb1 axb4 20. axb4 c5 21. b5 b6 22. Nd2 Bc7 23. Nc4 Nd6 24. Nxd6 Bxd6 25. Ra2 Qd8 26. Rba1 Qc8 27. Ra4 Kg8 28. Bg4 Rxa4 29. Rxa4 Qc7 30. Qa2 Nf8 31. Kf1 Ng6 32. g3 Kf8 33. Ke2 Ne7 34. Kd3 g6 35. Ra7 Rb7 36. Ra8+ Rb8 37. Bh6+ Ke8 38. Qa7 f5 39. Bf3 fxe4+ 40. Bxe4 Rxa8 41. Qxa8+ Qb8 42. Qxb8+ Bxb8 43. Bg2 Nf5 44. Bg5 Nd6 45. Bf6 Nxb5 46. d6 Kd7 47. Bxe5 Bxd6 48. Kc4 Nc7 49. Bc3 b5+ 50. Kd3 Ke6 51. f4 Nd5 52. Bd2 Nb6 53. g4 c4+ 54. Kd4 b4 55. f5+ 1/2-1/2

[Event "DVM U14 2021"]
[Site "Willingen"]
[Date "2022.08.16"]
[Round "7"]
[White "Stein, Theodor"]
[Black "Römer, Uri"]
[Result "1-0"]
[ECO "C45"]
[WhiteElo "1510"]
[BlackElo "1485"]
[Annotator "NA RC"]
[PlyCount "121"]
[EventDate "2022.08.12"]
[EventType "team-tourn"]
[EventRounds "7"]
[EventCountry "GER"]
[SourceTitle "playchess.com"]
[Source "ChessBase"]
[SourceQuality "1"]
[TimeControl "40/5400+30:1800+30"]

1. e4 e5 2. Nf3 Nc6 3. d4 exd4 4. Nxd4 Bc5 5. Be3 Bxd4 6. Bxd4 Nf6 7. Nc3 d6 8. Be3 Qe7 9. f3 Be6 10. Qd2 a6 11. O-O-O O-O-O 12. Qf2 d5 13. Bc5 Qe8 14. exd5 Nxd5 15. Nxd5 Rxd5 16. Bd3 Ne5 17. Be4 Rxd1+ 18. Rxd1 Qb5 19. Qd4 f6 20. a4 Qc4 21. Be7 Qxd4 22. Rxd4 Nc6 23. Bxc6 bxc6 24. b3 Re8 25. Bb4 Bf5 26. Rf4 Bg6 27. Kd2 Rd8+ 28. Kc3 Re8 29. Kd2 Rd8+ 30. Kc3 Re8 31. Rd4 Re2 32. Rd2 Re3+ 33. Kd4 Re8 34. Bc5 Bf7 35. Kc3 Re5 36. Bd4 Rd5 37. Be3 Re5 38. Bf4 Rc5+ 39. Kd4 Rd5+ 40. Kc3 Rf5 41. Bg3 Rd5 42. Re2 Kd7 43. Rd2 Kc8 44. Re2 Kd7 45. Kb2 Rd1 46. h3 Rd5 47. Bf4 g5 48. c4 Rd3 49. Bd2 Be6 50. Bc3 f5 51. Kc2 Rd6 52. Be5 Bxc4 53. bxc4 Re6 54. Kd3 c5 55. Bb2 Rb6 56. Bc3 Rd6+ 57. Kc2 Kc6 58. Re5 g4 59. Rxf5 gxh3 60. gxh3 Rh6 61. Rf6+ 1-0

[Event "DVM U14 2021"]
[Site "Willingen"]
[Date "2022.08.16"]
[Round "7"]
[White "Wagner, Anton"]
[Black "Bolz, Jannis"]
[Result "1/2-1/2"]
[ECO "D93"]
[WhiteElo "1479"]
[BlackElo "1616"]
[Annotator "NA RC"]
[PlyCount "53"]
[EventDate "2022.08.12"]
[EventType "team-tourn"]
[EventRounds "7"]
[EventCountry "GER"]
[SourceTitle "playchess.com"]
[Source "ChessBase"]
[SourceQuality "1"]
[TimeControl "40/5400+30:1800+30"]

1. d4 Nf6 2. c4 g6 3. Nf3 Bg7 4. Nc3 d5 5. Bf4 O-O 6. e3 c5 7. dxc5 Qa5 8. Qb3 Ne4 9. Rc1 Nxc3 10. bxc3 dxc4 11. Bxc4 Qxc5 12. O-O Nc6 13. Qb5 Qxb5 14. Bxb5 Na5 15. Rfd1 Bg4 16. h3 Bxf3 17. gxf3 a6 18. Ba4 b5 19. Bb3 Nxb3 20. axb3 Rac8 21. Rd3 Rc6 22. c4 bxc4 23. Rxc4 Rb6 24. Ra4 e5 25. Bg5 f6 26. Bh4 g5 27. Bg3 1/2-1/2

[Event "DVM U14 2021"]
[Site "Willingen"]
[Date "2022.08.16"]
[Round "7"]
[White "Freude, Paul"]
[Black "Gold, Jan Christian"]
[Result "1-0"]
[ECO "C08"]
[WhiteElo "1477"]
[BlackElo "1638"]
[Annotator "NA RC"]
[PlyCount "91"]
[EventDate "2022.08.12"]
[EventType "team-tourn"]
[EventRounds "7"]
[EventCountry "GER"]
[SourceTitle "playchess.com"]
[Source "ChessBase"]
[SourceQuality "1"]
[TimeControl "40/5400+30:1800+30"]

1. e4 e6 2. d4 d5 3. Nd2 c5 4. exd5 exd5 5. Ngf3 a6 6. dxc5 Bxc5 7. Nb3 Bb6 8. h3 Nc6 9. c3 Bf5 10. Be2 Nge7 11. O-O O-O 12. Bf4 Ng6 13. Bh2 Re8 14. Re1 Nge5 15. Nfd4 Be4 16. f3 Bg6 17. Kh1 Qf6 18. Nxc6 bxc6 19. Bg1 Bc7 20. Bh2 Re7 21. Nc5 a5 22. f4 Nd7 23. Nxd7 Rxd7 24. Bg4 Rdd8 25. Qd2 d4 26. Rac1 d3 27. Bf3 Rd7 28. Be4 Rad8 29. g4 Bxe4+ 30. Rxe4 Re7 31. Rce1 Rxe4 32. Rxe4 c5 33. Qxd3 Qc6 34. Qf3 c4 35. Re3 Rd1+ 36. Kg2 Rd2+ 37. Kg3 Bxf4+ 38. Qxf4 Rg2+ 39. Kh4 h6 40. Kh5 Qg6+ 41. Kh4 Qc6 42. Kh5 g5 43. Qe4 Qxe4 44. Rxe4 Rxh2 45. Kxh6 Rxb2 46. Re8# 1-0

[Event "DVM U14 2021"]
[Site "Willingen"]
[Date "2022.08.16"]
[Round "7"]
[White "Lichtinger, Simon"]
[Black "Chugunov, Ivan"]
[Result "0-1"]
[ECO "A08"]
[WhiteElo "1473"]
[BlackElo "1630"]
[Annotator "NA RC"]
[PlyCount "66"]
[EventDate "2022.08.12"]
[EventType "team-tourn"]
[EventRounds "7"]
[EventCountry "GER"]
[SourceTitle "playchess.com"]
[Source "ChessBase"]
[SourceQuality "1"]
[TimeControl "40/5400+30:1800+30"]

1. Nf3 Nf6 2. g3 d5 3. Bg2 g6 4. O-O Bg7 5. d3 O-O 6. Nbd2 c5 7. e4 Nc6 8. Re1 dxe4 9. dxe4 e5 10. c3 b6 11. Qe2 Re8 12. Nf1 a5 13. Rd1 Qc7 14. Bg5 Ba6 15. Qc2 h6 16. Bxf6 Bxf6 17. Ne3 Bg7 18. Rd2 Rad8 19. Nd5 Qb7 20. Rad1 b5 21. h4 h5 22. Bh3 b4 23. Kh2 Bb5 24. g4 hxg4 25. Bxg4 Bc4 26. b3 Ba6 27. c4 Nd4 28. Qd3 Rxd5 29. exd5 e4 30. Qe3 Qb8+ 31. Kh1 exf3 32. Qd3 Qf4 33. Rg1 Bc8 0-1

[Event "DVM U14 2021"]
[Site "Willingen"]
[Date "2022.08.16"]
[Round "7"]
[White "Marcziter, Alex"]
[Black "Tran, Anh Duc Kevin"]
[Result "1-0"]
[ECO "C54"]
[WhiteElo "1466"]
[BlackElo "1398"]
[Annotator "NA RC"]
[PlyCount "41"]
[EventDate "2022.08.12"]
[EventType "team-tourn"]
[EventRounds "7"]
[EventCountry "GER"]
[SourceTitle "playchess.com"]
[Source "ChessBase"]
[SourceQuality "1"]
[TimeControl "40/5400+30:1800+30"]

1. e4 e5 2. Nf3 Nc6 3. Bc4 Bc5 4. c3 Nf6 5. d4 exd4 6. b4 Bb6 7. e5 Ne4 8. Bd5 Nxc3 9. Nxc3 dxc3 10. O-O O-O 11. Bg5 Qe8 12. Re1 h6 13. Bh4 Nxb4 14. Bb3 Ba5 15. Re3 Nc6 16. Qc2 b5 17. Bf6 Ne7 18. Ng5 g6 19. Bxe7 Qxe7 20. Qxg6+ Kh8 21. Qh7# 1-0

[Event "DVM U14 2021"]
[Site "Willingen"]
[Date "2022.08.16"]
[Round "7"]
[White "Wedekind, Ferdinand"]
[Black "Malan, Jan-Willem"]
[Result "1-0"]
[ECO "D05"]
[WhiteElo "1446"]
[BlackElo "1747"]
[Annotator "NA RC"]
[PlyCount "167"]
[EventDate "2022.08.12"]
[EventType "team-tourn"]
[EventRounds "7"]
[EventCountry "GER"]
[SourceTitle "playchess.com"]
[Source "ChessBase"]
[SourceQuality "1"]
[TimeControl "40/5400+30:1800+30"]

1. d4 Nf6 2. Nf3 d5 3. e3 c5 4. c3 c4 5. Nbd2 b5 6. Qc2 Bb7 7. Be2 e6 8. O-O Bd6 9. a4 a6 10. Re1 O-O 11. b3 Qc7 12. Ba3 Bxa3 13. Rxa3 Nbd7 14. Raa1 Rfe8 15. Rab1 e5 16. dxe5 Nxe5 17. Nxe5 Rxe5 18. axb5 axb5 19. Nf3 Ree8 20. Nd4 Qd7 21. Qb2 Bc6 22. Bf3 Ne4 23. Ra1 Rxa1 24. Rxa1 cxb3 25. Qxb3 Nd2 26. Qb2 Nc4 27. Qb4 Qb7 28. Qc5 Ra8 29. Rxa8+ Qxa8 30. h3 Ne5 31. Nxc6 Qxc6 32. Qxd5 Qxd5 33. Bxd5 Nc4 34. Bxc4 bxc4 35. Kf1 Kf8 36. Ke2 Ke7 37. e4 Kd6 38. Ke3 Kc5 39. f4 f6 40. g4 g6 41. g5 f5 42. e5 Kd5 43. e6 Kxe6 44. Kd4 Kd6 45. Kxc4 Kc6 46. h4 Kd6 47. Kb5 Kd5 48. c4+ Ke4 49. c5 Kxf4 50. c6 Kg4 51. c7 Kxh4 52. c8=Q Kxg5 53. Qc1+ f4 54. Qh1 h5 55. Qg2+ Kf5 56. Qc2+ Kg5 57. Qg2+ Kf5 58. Qh3+ Kf6 59. Qh4+ Kf5 60. Qh3+ Kf6 61. Qc3+ Kf5 62. Qc5+ Kf6 63. Qd4+ Kf5 64. Qd5+ Kf6 65. Qd6+ Kf5 66. Qd7+ Kf6 67. Kc4 Kg5 68. Qe7+ Kg4 69. Qe6+ Kg5 70. Qe5+ Kg4 71. Qe6+ Kg5 72. Qd5+ Kg4 73. Qg2+ Kf5 74. Kd3 g5 75. Qh3+ Kg6 76. Qe6+ Kg7 77. Ke4 h4 78. Kf3 Kh7 79. Qf5+ Kh6 80. Kg4 h3 81. Qxg5+ Kh7 82. Kf5 h2 83. Kf6 h1=Q 84. Qg7# 1-0

[Event "DVM U14 2021"]
[Site "Willingen"]
[Date "2022.08.16"]
[Round "7"]
[White "Finck, Jonathan"]
[Black "Gotfried, Elias"]
[Result "0-1"]
[ECO "C01"]
[WhiteElo "1424"]
[BlackElo "1589"]
[Annotator "NA RC"]
[PlyCount "119"]
[EventDate "2022.08.12"]
[EventType "team-tourn"]
[EventRounds "7"]
[EventCountry "GER"]
[SourceTitle "playchess.com"]
[Source "ChessBase"]
[SourceQuality "1"]
[TimeControl "40/5400+30:1800+30"]

1. e4 e6 2. d4 d5 3. exd5 exd5 4. c4 Nf6 5. Nc3 c6 6. Bg5 Be6 7. cxd5 cxd5 8. Bb5+ Nc6 9. Nf3 Be7 10. O-O O-O 11. Re1 Nd7 12. Bxe7 Nxe7 13. Rc1 Nb6 14. b3 Bg4 15. Qd3 a6 16. Ba4 Nbc8 17. b4 b5 18. Bb3 Bf5 19. Qd2 Nb6 20. Ne2 Rc8 21. Ng3 Bg6 22. Ne5 f6 23. Nxg6 Nxg6 24. Bc2 Nc4 25. Qe2 Qe8 26. Qh5 Qf7 27. Nf5 Rfe8 28. Nh4 Nf8 29. Qxf7+ Kxf7 30. Nf5 g6 31. Ne3 Red8 32. Bb1 Ne6 33. Rcd1 Ra8 34. Re2 Rac8 35. Nc2 Nf4 36. Ree1 Nb2 37. Rd2 Nc4 38. Rdd1 Re8 39. a3 Nb2 40. Rxe8 Rxe8 41. Re1 Rxe1+ 42. Nxe1 Nc4 43. Nc2 Ne2+ 44. Kf1 Nc3 45. Ke1 Nxb1 46. Ne3 Nxe3 47. fxe3 Nxa3 48. Kd2 Nc4+ 49. Kd3 Ke6 50. e4 dxe4+ 51. Kxe4 f5+ 52. Kd3 Kd5 53. h3 g5 54. Kc3 Ke4 55. g4 f4 56. d5 f3 57. d6 f2 58. d7 f1=Q 59. d8=Q Qc1+ 60. Kb3 0-1

[Event "DVM U14 2021"]
[Site "Willingen"]
[Date "2022.08.16"]
[Round "7"]
[White "Gloria, Fabian"]
[Black "Wegener, Moritz"]
[Result "1-0"]
[ECO "E70"]
[WhiteElo "1420"]
[BlackElo "1202"]
[Annotator "NA RC"]
[PlyCount "119"]
[EventDate "2022.08.12"]
[EventType "team-tourn"]
[EventRounds "7"]
[EventCountry "GER"]
[SourceTitle "playchess.com"]
[Source "ChessBase"]
[SourceQuality "1"]
[TimeControl "40/5400+30:1800+30"]

1. d4 c5 2. d5 d6 3. c4 Nf6 4. Nc3 g6 5. e4 Bg7 6. Bd3 e6 7. Nge2 O-O 8. O-O Re8 9. Bg5 h6 10. Be3 Nbd7 11. f3 Ne5 12. b3 Nxd3 13. Qxd3 a6 14. a4 exd5 15. cxd5 Rb8 16. Rab1 b5 17. axb5 axb5 18. b4 c4 19. Qd2 Kh7 20. Nd4 Bd7 21. Ra1 Rb7 22. Ra6 Qc7 23. Bf4 Bf8 24. Rfa1 Rb6 25. Rxb6 Qxb6 26. Ra5 Rc8 27. Be3 Qc7 28. Ndxb5 Bxb5 29. Rxb5 Ra8 30. Qb2 Nd7 31. Nd1 Bg7 32. Bd4 Ne5 33. Qc3 Ra6 34. Ne3 Ra8 35. f4 Nf3+ 36. gxf3 Bxd4 37. Qxd4 c3 38. Qd3 c2 39. Qxc2 Ra1+ 40. Kf2 Qxc2+ 41. Nxc2 Ra2 42. Ke3 Rxc2 43. Rb8 Kg7 44. e5 dxe5 45. fxe5 Rc3+ 46. Kd4 Rxf3 47. d6 Rf2 48. Kd5 Rd2+ 49. Kc6 Rc2+ 50. Kd7 Re2 51. Rb5 Kf8 52. Rd5 Ra2 53. Ra5 Rc2 54. Ra8+ Kg7 55. b5 Rc5 56. b6 Rb5 57. Kc6 Rxe5 58. b7 Re2 59. b8=Q Rc2+ 60. Kd7 1-0